 Dungeon Crawl Stone Soup version 0.20-a0-926-g560771d (webtiles) character file.

15514 Rrauwl the Archer (level 12, -4/87 HPs)
             Began as a Barachi Hunter on Mar 27, 2017.
             Was a Believer of Hepliaklqana.
             Slain by an ice devil (22 damage)
             ... on level 1 of the Lair of Beasts on Mar 28, 2017.
             The game lasted 01:24:38 (11977 turns).

Rrauwl the Archer (Barachi Hunter)                 Turns: 11977, Time: 01:24:39

Health: -4/87      AC: 11    Str: 14    XL:     12   Next: 27%
Magic:  18/18      EV: 17    Int: 15    God:    Hepliaklqana [**....]
Gold:   534        SH:  3    Dex: 17    Spells: 16/19 levels left

rFire    . . .     SeeInvis +   C - +1 shortbow (velocity)
rCold    . . .     Gourm    .   (shield currently unavailable)
rNeg     . . .     Faith    .   I - +0 leather armour
rPois    +         Spirit   .   b - +0 helmet
rElec    .         Reflect  +   k - +1 cloak
rCorr    .         Harm     .   m - +2 pair of gloves {Dex+3}
MR       .....     Clarity  +   (no boots)
Stlth    ++........             a - +3 amulet of reflection
Regen    0.3/turn               n - ring of see invisible
MPRegen  0.2/turn               J - ring of poison resistance

@: can't hop, slow
A: +LOS, swims, reduced essence, clarity, sense surroundings 1, slowness 1,
strong legs 1
a: Hop, Recall Ancestor, Ancestor Identity, Renounce Religion


You were on level 1 of the Lair of Beasts.
You worshipped Hepliaklqana.
Hepliaklqana was pleased with you.
You were not hungry.

You visited 3 branches of the dungeon, and saw 12 of its levels.

You collected 852 gold pieces.
You spent 318 gold pieces at shops.

Inventory:

Hand Weapons
 C - a +1 shortbow of velocity (weapon)
 G - the +2 long sword of the Fortune-Teller {antimagic, *Corrode +Inv rElec Int+7}
   (You found it on level 10 of the Dungeon)

   It reduces the magical energy of the wielder, and disrupts the spells and
   magical abilities of those hit.
   Natural abilities and divine invocations are not affected.
   It affects your intelligence (+7).
   It insulates you from electricity.
   It lets you turn invisible.
   It may corrode you when you take damage.
Missiles
 d - 90 arrows (quivered)
 o - 71 bolts
Armour
 b - a +0 helmet (worn)
 k - a +1 cloak (worn)
 m - a +2 pair of gloves of dexterity (worn)
 I - a +0 leather armour (worn)
Jewellery
 a - a +3 amulet of reflection (around neck)
 n - a ring of see invisible (left hand)
 J - a ring of poison resistance (right hand)
Wands
 p - a wand of disintegration (7/24)
 y - a wand of flame (40/48)
 z - a wand of confusion (26/48)
Scrolls
 e - a scroll of teleportation
 q - a scroll of fear
 r - a scroll of recharging
 B - 7 scrolls of remove curse
 F - a scroll of fog
 H - 2 scrolls of identify
Potions
 s - a potion of cancellation
 w - 2 potions of flight
 A - 6 potions of curing
Comestibles
 c - 4 chunks of flesh
 f - a bread ration
 j - 10 fruits
 u - 5 royal jellies


   Skills:
 - Level 10.0 Fighting
 + Level 7.1 Long Blades
 + Level 10.4 Bows
 + Level 9.2 Armour
 + Level 8.2 Dodging
 - Level 2.0 Stealth
 - Level 4.0 Spellcasting
 - Level 5.1 Charms
 + Level 3.6 Necromancy
 - Level 2.0 Invocations
 - Level 4.0 Evocations


You had 16 spell levels left.
You knew the following spells:

 Your Spells              Type           Power        Failure   Level  Hunger
a - Regeneration          Chrm/Necr      ###.......   14%         3    ###....


Dungeon Overview and Level Annotations

Branches:
Dungeon (10/15)            Temple (1/1) D:6            Lair (1/6) D:8
    Orc (0/2) D:10

Altars:
Ashenzari
Cheibriados
Dithmenos
Elyvilon
Fedhas
Gozag
Hepliaklqana
Kikubaaqudgha
Makhleb
Nemelex Xobeh
Okawaru
Qazlal
Ru
Sif Muna
Trog
Uskayaw
Vehumet
Wu Jian
Xom
Yredelemnul
Zin
The Shining One
Lugonu

Shops:
D:6 (   D:10 =


Innate Abilities, Weirdness & Mutations

Shadows flee at your approach. (+LOS)
You can swim through water.
You cover ground slowly.
You can hop short distances.
Your life essence is reduced. (-10% HP)
You possess an exceptional clarity of mind.
You passively map a small area around you.


Message History

Aiming: Disintegrate
Press: ? - help, Shift-Dir - straight line, f/p - ice devil
Aim: an ice devil (severely wounded, chance to defeat MR: 31%)
The ice devil easily resists.
This wand has 7 charges left.
Evoke which item? (* to show all) (? for menu, Esc to quit)
Aiming: Throw Flame
Press: ? - help, Shift-Dir - straight line, f/p - ice devil
Aim: an ice devil (severely wounded)
The puff of flame hits the ice devil.
The ice devil appears unharmed.
The ice devil is severely wounded.
This wand has 41 charges left.
Evoke which item? (* to show all) (? for menu, Esc to quit)
Aiming: Throw Flame
Press: ? - help, Shift-Dir - straight line, f/p - ice devil
Aim: an ice devil (severely wounded)
The puff of flame misses the ice devil.
This wand has 40 charges left.
The ice devil hits you.
* * * LOW HITPOINT WARNING * * *
The ice devil freezes you!!
You die...

### ##..#...####
#..# .###
####...## #P.#
...### ##...##
#..#
..'..######...#
##.#
..##....#.##'##
###
..#.#.#.......#
* ####
...####.'.....##
, .(##... ..##
###......#######
, .. #### ...#
#......#@....# ,
(. ..##
#.....+..4...# ,
(., ###
#.....###P.#.#
(#** #####P#
###..# *#(## ###
##.# (..
#..###(#+#
##...4...#
#########


You could see an ice devil.

Vanquished Creatures
  Erica (D:8)
  An ugly thing (D:9)
  An elephant (D:8)
  2 black mambas (Lair:1)
  Maurice (D:8)
  2 spiny frogs (Lair:1)
  A rime drake (Lair:1)
  A komodo dragon (Lair:1)
  2 dream sheep (D:9)
  3 blink frogs (Lair:1)
  Sigmund (D:3)
  2 hungry ghosts
  14 yaks
  Menkaure (D:5)
  A porcupine (Lair:1)
  An ice beast (D:10)
  2 sky beasts
  2 orc warriors
  A black bear (D:10)
  A phantom (D:9)
  3 wolves (Lair:1)
  6 ogres
  3 centaurs
  3 crocodiles
  Blork the orc (D:6)
  9 bullfrogs
  4 scorpions
  5 killer bees
  9 wights
  2 howler monkeys
  4 crimson imps
  2 bullfrog zombies
  6 hounds
  3 jellies
  Crazy Yiuf (D:2)
  8 orc priests
  A gnoll shaman (D:7)
  2 bullfrog skeletons
  An iguana (D:3)
  7 orc wizards
  7 worker ants
  A hound skeleton (D:7)
  12 adders
  3 gnolls
  2 shadow imps
  3 oozes
  3 adder zombies
  4 worms
  6 dart slugs
  6 leopard geckos
  29 orcs
  4 ball pythons
  7 bats
  5 giant cockroaches
  3 hobgoblins
  7 jackals
  6 kobolds
  5 quokkas
  7 frilled lizards
  13 goblins
  A jackal skeleton (D:5)
  4 rats
  A fungus (D:2)
260 creatures vanquished.

Vanquished Creatures (collateral kills)
  A hydra (D:9)
  The ghost of endorz the Cleaver, a novice DDFi of Makhleb (D:8)
  A spiny frog (Lair:1)
  A blink frog (Lair:1)
  A hippogriff (D:10)
  3 yaks
  2 water moccasins
  An orc warrior (D:7)
  3 wolves (Lair:1)
  A centaur (D:10)
  2 crocodiles
  4 big kobolds
  A killer bee (D:7)
  3 wights (D:9)
  A jelly (D:7)
  2 hounds
  A quasit (D:10)
  An orc wizard (D:7)
  A worker ant (D:9)
  2 orcs
  A jackal (D:9)
  A kobold (D:10)
35 creatures vanquished.

Vanquished Creatures (others)
  4 hexers (Lair:1)
  4 ancestors
  A fungus (Lair:1)
  2 plants (Lair:1)
11 creatures vanquished.

Grand Total: 306 creatures vanquished

Notes
Turn   | Place    | Note
-------+----------+-------------------------------------------
     0 | D:1      | Rrauwl the Barachi Hunter began the quest for the Orb.
     0 | D:1      | Reached XP level 1. HP: 17/17 MP: 1/1
   115 | D:1      | Reached skill level 1 in Stealth
   163 | D:1      | Reached XP level 2. HP: 23/23 MP: 2/2
   172 | D:1      | Reached skill level 1 in Armour
   284 | D:1      | Reached XP level 3. HP: 28/28 MP: 3/3
   992 | D:2      | Found a shimmering altar of Xom.
  1031 | D:2      | Found a hide-covered altar of Uskayaw.
  1051 | D:2      | Found an ornate altar of the Wu Jian Council.
  1164 | D:2      | Found a burning altar of Makhleb.
  1185 | D:2      | Reached XP level 4. HP: 35/35 MP: 4/4
  1560 | D:2      | Found a runed door.
  1571 | D:2      | Noticed Crazy Yiuf
  1587 | D:2      | Killed Crazy Yiuf
  1671 | D:3      | Found a snail-covered altar of Cheibriados.
  1698 | D:3      | Noticed Sigmund
  1733 | D:3      | Killed Sigmund
  1733 | D:3      | Reached skill level 5 in Bows
  1733 | D:3      | Reached XP level 5. HP: 35/41 MP: 4/6
  1733 | D:3      | Reached XP level 6. HP: 40/47 MP: 4/7
  2340 | D:4      | Found an ancient bone altar of Kikubaaqudgha.
  2540 | D:4      | Reached XP level 7. HP: 52/52 MP: 9/9
  2817 | D:4      | Found a shadowy altar of Dithmenos.
  3508 | D:5      | Entered Level 5 of the Dungeon
  3561 | D:5      | Noticed a hungry ghost
  3571 | D:5      | Killed a hungry ghost
  3596 | D:5      | Reached skill level 5 in Fighting
  3633 | D:5      | Noticed Menkaure
  3639 | D:5      | Killed Menkaure
  3639 | D:5      | Reached XP level 8. HP: 64/64 MP: 10/10
  4166 | D:5      | Found a glowing silver altar of Zin.
  4272 | D:5      | Found a deep blue altar of Sif Muna.
  4387 | D:6      | Noticed Blork the orc
  4391 | D:6      | Killed Blork the orc
  4417 | D:6      | Reached XP level 9. HP: 72/72 MP: 12/12
  4443 | D:6      | Found a staircase to the Ecumenical Temple.
  4452 | Temple   | Entered the Ecumenical Temple
  4591 | D:6      | Found Elyerot's Antique Weapon Shoppe.
  4882 | D:6      | Reached skill level 5 in Armour
  4920 | D:6      | Found a glowing golden altar of the Shining One.
  4961 | D:6      | Found a sacrificial altar of Ru.
  5063 | D:6      | Found a hazy altar of Hepliaklqana.
  5066 | D:6      | Became a worshipper of Hepliaklqana the Forgotten
  5119 | D:6      | Learned a level 3 spell: Regeneration
  5520 | D:7      | Reached skill level 5 in Dodging
  5580 | D:7      | Reached skill level 1 in Long Blades
  5847 | D:8      | Reached * piety under Hepliaklqana
  6198 | D:7      | Found a sparkling altar of Nemelex Xobeh.
  6268 | D:7      | Found a white marble altar of Elyvilon.
  6345 | D:7      | Found a basalt altar of Yredelemnul.
  6453 | D:8      | Noticed Erica
  6466 | D:8      | Killed Erica
  6466 | D:8      | Reached XP level 10. HP: 73/73 MP: 13/13
  6616 | D:8      | Noticed an elephant
  6617 | D:8      | Noticed endorz's ghost (novice DDFi)
  6652 | D:8      | Killed an elephant
  6652 | D:8      | Reached skill level 1 in Charms
  6999 | D:8      | Noticed Maurice
  7253 | D:8      | Found a radiant altar of Vehumet.
  7271 | D:8      | Found a staircase to the Lair.
  7309 | D:8      | Killed Maurice
  7309 | D:8      | Reached skill level 1 in Spellcasting
  7309 | D:8      | Reached skill level 1 in Necromancy
  7309 | D:8      | Reached skill level 1 in Invocations
  7503 | D:8      | Killed endorz's ghost
  7897 | D:8      | Gained mutation: You possess an exceptional clarity of mind. [mutagenic meat]
  7898 | D:8      | Gained mutation: You passively map a small area around you. [mutagenic meat]
  8126 | Lair:1   | Entered Level 1 of the Lair of Beasts
  8126 | Lair:1   | Noticed a spiny frog
  8133 | Lair:1   | Killed a spiny frog
  8597 | D:9      | Reached XP level 11. HP: 76/80 MP: 14/14
  8735 | D:9      | Noticed a purple ugly thing
  8762 | D:9      | Killed a purple ugly thing
  8762 | D:9      | Reached skill level 5 in Long Blades
  9210 | D:9      | Reached ** piety under Hepliaklqana
  9211 | D:9      | Remembered your ancestor Rick as a hexer
  9557 | D:9      | Noticed a two-headed hydra
  9567 | D:9      | Killed a two-headed hydra
  9810 | D:10     | Entered Level 10 of the Dungeon
  9865 | D:10     | Got a translucent long sword
  9866 | D:10     | Identified the +2 long sword of the Fortune-Teller {antimagic, *Corrode +Inv rElec Int+7} (You found it on level 10 of the Dungeon)
 10073 | D:10     | Reached skill level 10 in Bows
 10394 | D:10     | Found Xepluoc's Jewellery Shop.
 10414 | D:10     | Bought an uncursed ring of poison resistance for 240 gold pieces
 10414 | D:10     | Bought a cursed ring of loudness for 54 gold pieces
 10414 | D:10     | Bought a cursed amulet of inaccuracy for 24 gold pieces
 10480 | D:10     | Reached skill level 10 in Fighting
 10572 | D:10     | Found a staircase to the Orcish Mines.
 10886 | Lair:1   | Reached skill level 5 in Charms
 11121 | Lair:1   | Reached XP level 12. HP: 87/87 MP: 17/17
 11977 | Lair:1   | Slain by an ice devil

Vault maps used:
D:1:      lemuel_arrival_room, minmay_tromino_v7
D:2:      kennysheep_the_goblin_king, brannock_xom_greatest_gift,
          eat_drink_and_be_merry_uskayaw, overflow_temple_1_default,
          overflow_temple_1_default, uniq_crazy_yiuf_cottage
D:3:      nicolae_overflow_hidden_temple, uniq_sigmund
D:4:      nicolae_overflow_crystal_walls, lemuel_round_altar,
          grunt_decor_clamped
D:5:      zin_statuary, lemuel_blue_sif_altar, first_bread,
          minmay_misc_feat_tiny, uniq_menkaure
D:6:      kennysheep_mini_moat, kennysheep_mini,
          nicolae_ru_sacrificial_ziggurat, temple_green,
          kennysheep_small_circle, uniq_blork_the_orc
D:7:      kennysheep_ying_yang, nemelex_dance_club_becter
D:8:      fiery_altar_vehumet, david_lair_generic, uniq_erica, uniq_maurice
D:9:      hangedman_ranch
D:10:     orc_0_dummy, serial_shops, shop_coins
Temple:   corrupted_temple
Lair:1:   portal_ice_cave_demonic_guard

Skill      XL: |  1  2  3  4  5  6  7  8  9 10 11 12 |
---------------+-------------------------------------+-----
Stealth        | 1 2 |  2.0
Armour         | 1 2 3 4 6 7 8 9 |  9.2
Fighting       | 3 5 7 8 9 10 | 10.0
Dodging        | 3 4 6 7 8 |  8.2
Bows           | 5 6 8 9 10 | 10.4
Evocations     | 2 3 4 |  4.0
Long Blades    | 3 4 6 7 |  7.1
Charms         | 2 5 |  5.1
Spellcasting   | 2 3 4 |  4.0
Necromancy     | 2 3 |  3.6
Invocations    | 2 |  2.0

Action                   |  1- 3 |  4- 6 |  7- 9 | 10-12 || total
-------------------------+-------+-------+-------+-------++-------
Melee: Short sword       |       |    48 |       |       ||    48
 Fire: Shortbow          |    72 |   139 |   446 |   661 ||  1318
 Cast: Regeneration      |       |       |       |     2 ||     2
Invok: Ancestor Identity |       |       |     1 |       ||     1
       Recall Ancestor   |       |       |       |     8 ||     8
       Ancestor Life: He |       |       |       |     1 ||     1
 Abil: Hop               |       |     1 |     3 |     7 ||    11
Evoke: Wand              |       |       |     1 |    10 ||    11
  Use: Scroll            |       |    12 |    10 |     3 ||    25
       Potion            |       |     8 |     3 |     6 ||    17
  Eat: Chunk             |     1 |     5 |     7 |    12 ||    25
       Fruit             |       |       |     7 |     2 ||     9
       Royal jelly       |       |       |     1 |     1 ||     2
       Bread ration      |       |       |       |     1 ||     1
Armor: Leather armour    |     4 |    11 |    49 |    48 ||   112
Dodge: Dodged            |     5 |    27 |   114 |   149 ||   295
Block: Other             |       |       |       |    15 ||    15
